AoeStats
← Katsu

Arabia

510098566Analyzed
3v3 RM · 1d ago on Sep 29, 2026· 34m 46s· 6 players
Game mode
Random Map
Map size
Normal (6 player)
Population
200
Speed
Normal
Resources
Standard
Victory
Conquest
Starting age
Dark Age
Ending age
Imperial Age
RankedLock teamsTeams togetherTeam positionsShared explorationLock speedFull tech treeHidden civsTurbo modeCheats
Victory
Defeat
🇧🇷 Magyars · Brazil
1394
+14
🇧🇷 Britons · Brazil
1359
+15
🇪🇸 Celts · Spain
1295
+18
🇹🇼 Maya · Taiwan
1379
-17
🇹🇼 Japanese · Taiwan
1355
-16
🇹🇼 Jurchens · Taiwan
1292
-14
ming.3idionts
5:52 Loom
5:55 Loom
8:53 Feudal Age
9:48 Double-Bit Axe
14:57 Town Watch
16:39 Fletching
25:06 Castle Age
24:40 Gold Mining
26:08 Bow Saw
26:03 Bodkin Arrow
30:20 Ballistics
32:55 Wheelbarrow
32:27 Padded Archer Armor
32:37 Husbandry
32:48 Bloodlines
34:36 Stone Mining
chun
0:30 Loom
9:40 Feudal Age
20:35 Wheelbarrow
22:07 Town Watch
22:21 Fletching
28:15 Castle Age
Katsu
7:07 Loom
9:35 Feudal Age
10:29 Double-Bit Axe
14:56 Wheelbarrow
16:04 Horse Collar
19:38 Castle Age
21:13 Scale Barding Armor
21:19 Forging
24:21 Bloodlines
26:43 Husbandry
27:38 Bow Saw
31:30 Chain Barding Armor
35:06 Iron Casting
Cantipedro
8:36 Loom
11:47 Feudal Age
21:11 Double-Bit Axe
23:20 Fletching
28:16 Castle Age
26:50 Padded Archer Armor
29:00 Bodkin Arrow
28:26 Crossbowman
30:34 Leather Archer Armor
34:27 Ballistics
Bet0
6:32 Loom
8:51 Feudal Age
11:11 Town Watch
14:08 Horse Collar
16:24 Scale Barding Armor
20:47 Gold Mining
24:14 Castle Age
23:22 Double-Bit Axe
25:26 Chain Barding Armor
27:45 Bow Saw
28:45 Wheelbarrow
29:18 Husbandry
30:02 Bloodlines
29:55 Heavy Plow
33:03 Gold Shaft Mining
34:39 Hand Cart
Tamy Chan
6:25 Loom
8:48 Feudal Age
9:29 Double-Bit Axe
11:13 Town Watch
15:29 Fletching
17:56 Padded Archer Armor
20:51 Horse Collar
22:55 Gold Mining
26:15 Castle Age
25:04 Stone Mining
26:41 Wheelbarrow
26:28 Crossbowman
27:18 Bodkin Arrow
33:24 Ballistics
35:36 Hand Cart
Connection lost

Rejoining the realm…

Still unreachable

The connection could not be restored.

Session expired

The server has moved on; the page needs a fresh start.